 Dungeon Crawl Stone Soup version 0.21-a0-352-g5b8f553 (webtiles) character file.

6337 nikopol the Cleaver (level 10, -21/87 (88) HPs)
             Began as a Hill Orc Fighter on Oct 10, 2017.
             Demolished by a skeletal warrior
             ... wielding a +1 glaive of flaming
             ... led by a skeletal warrior
              (24 damage)
             ... on level 8 of the Dungeon.
             The game lasted 00:18:51 (9854 turns).

nikopol the Cleaver (Hill Orc Fighter)              Turns: 9854, Time: 00:18:52

HP:   -21/87 (88)   AC: 17    Str: 28    XL:     10   Next: 96%
MP:   10/10         EV:  9    Int:  8    God:
Gold: 381           SH: 12    Dex: 13    Spells: 9/9 levels left

rFire    . . .     SeeInvis +   D - +0 war axe
rCold    . . .     Gourm    .   c - +0 shield
rNeg     . . .     Faith    .   o - +0 chain mail (curse)
rPois    .         Spirit   .   L - +2 hat
rElec    .         Reflect  .   x - +2 cloak
rCorr    .         Harm     .   J - +0 pair of gloves
MR       .....                  (no boots)
Stlth    ..........             (no amulet)
HPRegen  0.24/turn              M - ring of see invisible
MPRegen  0.12/turn              K - +3 ring of dexterity (curse)

@: mighty
A: no striking features
a: no special abilities


You were on level 8 of the Dungeon.
You were not hungry.

You visited 1 branch of the dungeon, and saw 8 of its levels.

You collected 381 gold pieces.

Inventory:

Hand Weapons
 a - a +0 war axe
 D - a +0 war axe (weapon)
Armour
 b - a +0 scale mail
 c - a +0 shield (worn)
 j - a scarf of spirit shield
 o - a cursed +0 chain mail (worn)
 s - a +0 helmet
 x - a +2 cloak (worn)
 F - a cursed +0 chain mail
 J - a +0 pair of gloves (worn)
 L - a +2 hat (worn)
Jewellery
 I - a +4 ring of intelligence
 K - a cursed +3 ring of dexterity (right hand)
 M - a ring of see invisible (left hand)
Wands
 l - a wand of flame (28/48)
 m - a wand of polymorph (13/24)
 t - a wand of iceblast (6/15)
 w - a wand of iceblast (10/15)
 N - a wand of lightning (9/15)
Scrolls
 e - 3 scrolls of immolation {unknown}
 g - 2 scrolls of amnesia {unknown}
 h - a scroll of enchant armour {unknown}
 i - 5 scrolls of identify {unknown}
 k - a scroll of random uselessness {unknown}
 p - 2 scrolls of fear {unknown}
 u - 7 scrolls of teleportation {unknown}
 y - a scroll of fog {unknown}
 B - a scroll of remove curse {unknown}
 E - a scroll of silence {unknown}
Potions
 d - a potion of might
 n - 2 potions of resistance {unknown}
 r - 6 potions of curing {unknown}
 v - 2 potions of flight {unknown}
 z - 3 potions of mutation {unknown}
 C - a potion of haste
 G - a potion of brilliance {unknown}
 H - a potion of magic {unknown}
Books
 q - a book of Necromancy

   Spells                             Type                      Level
   a - Pain                           Necromancy                   1
   b - Animate Skeleton               Necromancy                   1
   c - Vampiric Draining              Necromancy                   3
   d - Regeneration                   Charms/Necromancy            3
   e - Animate Dead                   Necromancy                   4
   f - Control Undead                 Necromancy                   4
Comestibles
 f - 10 bread rations
 A - 4 royal jellies


   Skills:
 + Level 8.2 Fighting
 + Level 13.2 Axes
 + Level 8.5 Armour
 + Level 2.5 Dodging
 + Level 0.5 Stealth
 + Level 8.8 Shields


You had 9 spell levels left.
You didn't know any spells.

Dungeon Overview and Level Annotations

Branches:
Dungeon (8/15)             Temple (0/1) D:5
   Lair: D:8-11

Altars:
Dithmenos
Makhleb
Qazlal
Sif Muna
Vehumet
Yredelemnul

Shops:
D:4 %

Annotations:
D:6 exclusion: statue
D:8 Prince Ribbit


Message History

The skeletal warrior hits you but does no damage.
The skeletal warrior barely misses you.
You barely miss the skeletal warrior.
The skeletal warrior is severely damaged.
You block the skeletal warrior's attack.
The skeletal warrior hits you from afar with a glaive of flaming!
* * * LOW HITPOINT WARNING * * *
The skeletal warrior burns you.
* * * LOW HITPOINT WARNING * * *
You barely miss the skeletal warrior.
The skeletal warrior is severely damaged.
You block the skeletal warrior's attack.
You hit the skeletal warrior.
The skeletal warrior is severely damaged.
You block the skeletal warrior's attack.
The skeletal warrior hits you but does no damage.
You slice the skeletal warrior!!
You destroy the skeletal warrior!
The skeletal warrior hits you from afar with a glaive of flaming!!
You die...

.## ...## ..... .....### #####
.......######## #####...###
....[[..##....## ##...####...
.....).z....#.z## #..### ##..
...........####)## ##.## ##.
............# ##@## #..## #.
......z.....# #..## ##..## ##.
............## ##..## ###.####..
.............## ##..# #..##..#
............#.## #..## ##....##
...........###.# ##..# ##..##
..........# #.# ##..## ##...#
...........###.# #....## ##....##
...........##.<###.....###..###.#


You could see a skeletal warrior.

Vanquished Creatures
  A skeletal warrior (D:8)
  The ghost of tilp the Firebug, a novice HOFE (D:6)
  Pikel (D:5)
  The ghost of Edirash the Covert, a novice VSAs of Zin (D:8)
  Psyche (D:8)
  Joseph (D:7)
  A hippogriff (D:8)
  A spriggan (D:7)
  Grum (D:8)
  An orc warrior (D:6)
  A water moccasin (D:7)
  A sky beast (D:8)
  A necrophage (D:5)
  An ice beast (D:5)
  2 phantoms
  3 ogres
  3 centaurs
  4 wolves (D:8)
  A scorpion (D:8)
  15 killer bees
  4 wights (D:7)
  3 crimson imps
  A bullfrog zombie (D:6)
  A centaur skeleton (D:7)
  2 hounds
  2 jellies (D:6)
  A quasit (D:7)
  A bullfrog skeleton (D:4)
  4 orc wizards
  An orc priest (D:8)
  6 iguanas
  4 worker ants
  A hound zombie (D:5)
  Robin (D:2)
  A worker ant zombie (D:7)
  6 gnolls
  8 adders
  An ooze (D:3)
  An adder skeleton (D:7)
  3 worms
  2 dart slugs (D:2)
  2 leopard geckos
  22 orcs
  9 bats
  2 giant cockroaches
  13 goblins
  10 hobgoblins
  12 jackals
  6 kobolds
  4 quokkas
  3 frilled lizards
  A quokka zombie (D:6)
  7 rats
  A spectral orc (D:2)
188 creatures vanquished.

Notes
Turn   | Place    | Note
-------+----------+-------------------------------------------
     0 | D:1      | nikopol the Hill Orc Fighter began the quest for the Orb.
     0 | D:1      | Reached XP level 1. HP: 19/19 MP: 1/1
    64 | D:1      | Reached XP level 2. HP: 23/27 MP: 2/2
   206 | D:1      | Reached skill level 3 in Axes
   285 | D:1      | Reached XP level 3. HP: 30/33 MP: 3/3
   498 | D:2      | Found a burning altar of Makhleb.
   543 | D:2      | Reached XP level 4. HP: 33/40 MP: 4/4
   606 | D:2      | Reached skill level 4 in Axes
   847 | D:2      | Noticed Robin
   856 | D:2      | Killed Robin
   856 | D:2      | Reached XP level 5. HP: 41/47 MP: 3/5
  1186 | D:2      | Found a basalt altar of Yredelemnul.
  1474 | D:3      | Reached skill level 5 in Axes
  1715 | D:3      | Found a deep blue altar of Sif Muna.
  1901 | D:4      | Found Riba Gai's Food Boutique.
  2015 | D:4      | Reached XP level 6. HP: 46/53 MP: 6/6
  2196 | D:4      | Reached skill level 5 in Armour
  2779 | D:5      | Entered Level 5 of the Dungeon
  2834 | D:5      | Noticed a necrophage
  2850 | D:5      | Killed a necrophage
  2850 | D:5      | Reached skill level 6 in Axes
  2850 | D:5      | Reached XP level 7. HP: 55/59 MP: 7/7
  3131 | D:5      | Reached skill level 5 in Fighting
  3131 | D:5      | Reached skill level 7 in Axes
  3131 | D:5      | Reached skill level 1 in Dodging
  3446 | D:5      | Reached skill level 5 in Shields
  3563 | D:5      | Noticed Pikel
  3578 | D:5      | Killed Pikel
  3578 | D:5      | Reached skill level 8 in Axes
  3578 | D:5      | Reached XP level 8. HP: 23/69 MP: 8/8
  3580 | D:5      | Reached skill level 9 in Axes
  3582 | D:5      | Found a staircase to the Ecumenical Temple.
  4049 | D:5      | Found a stormy altar of Qazlal.
  4342 | D:6      | Noticed tilp's ghost (novice HOFE)
  4780 | D:6      | Reached XP level 9. HP: 74/74 MP: 9/9
  4890 | D:6      | Reached skill level 10 in Axes
  4993 | D:6      | Found a radiant altar of Vehumet.
  5232 | D:6      | Killed tilp's ghost
  5232 | D:6      | Reached skill level 11 in Axes
  5765 | D:7      | Noticed Joseph
  5778 | D:7      | Killed Joseph
  6249 | D:7      | Reached skill level 12 in Axes
  6256 | D:7      | Found a shadowy altar of Dithmenos.
  6270 | D:7      | Reached XP level 10. HP: 57/85 MP: 10/10
  7496 | D:8      | Noticed Psyche
  7514 | D:8      | Killed Psyche
  7749 | D:8      | Noticed Grum
  7770 | D:8      | Killed Grum
  7941 | D:8      | Noticed Edirash's ghost (novice VSAs)
  8039 | D:8      | Killed Edirash's ghost
  8291 | D:8      | Reached skill level 13 in Axes
  8987 | D:8      | Noticed a skeletal warrior
  8987 | D:8      | Noticed a skeletal warrior
  9024 | D:8      | Noticed a skeletal warrior
  9364 | D:8      | Noticed Prince Ribbit
  9851 | D:8      | HP: 3/87 [skeletal warrior/glaive of flaming[a skeletal warrior] (5)]
  9854 | D:8      | Killed a skeletal warrior
  9854 | D:8      | Demolished by a skeletal warrior

Vault maps used:
D:1:      tarquinn_simple_flora_water_c, minivault_25
D:2:      yredelemnul_forgotten_temple_becter, first_bread, bloody_makhleb,
          uniq_robin
D:3:      lemuel_blue_sif_altar
D:4:      cheibrodos_quashed, serial_shops, nicolae_shop_trees,
          minmay_crystal_room, minmay_misc_feat_ornament
D:5:      lemuel_crystal_altar, temple_hall, uniq_pikel
D:6:      vehumet_statue, serial_corexii_hall, corexii_hall_statues_s,
          corexii_hall_statues_l, corexii_hall_statues_i,
          corexii_hall_statues_i, minmay_tree_intersection
D:7:      lemuel_coloured_pillars_altar, minmay_misc_feat_more_columns,
          the_bakery, uniq_joseph
D:8:      uniq_grum, uniq_psyche, uniq_prince_ribbit1

Skill      XL: |  1  2  3  4  5  6  7  8  9 10 |
---------------+-------------------------------+-----
Fighting       | 4 5 6 7 8 |  8.2
Axes           | 3 4 5 6 8 9 12 13 | 13.2
Shields        | 4 5 6 8 |  8.8
Armour         | 4 5 6 7 8 |  8.5
Dodging        | 1 2 |  2.5
Stealth        | |  0.5

Action                   |  1- 3 |  4- 6 |  7- 9 | 10-12 || total
-------------------------+-------+-------+-------+-------++-------
Melee: War axe           |    99 |   173 |   302 |   319 ||   893
  Use: Potion            |       |       |       |     1 ||     1
 Stab: Distracted        |       |       |       |     1 ||     1
  Eat: Chunk             |       |     7 |    10 |     3 ||    20
       Meat ration       |       |       |       |     1 ||     1
       Bread ration      |       |       |       |     1 ||     1
Armor: Scale mail        |    75 |    34 |       |       ||   109
       Chain mail        |       |    66 |   173 |   145 ||   384
Dodge: Dodged            |    36 |    40 |    90 |    71 ||   237
Block: Shield            |    68 |    95 |   159 |   243 ||   565

Table legend:
 A = Spawn XP
 B = Non-spawn XP
 C = Spawn XP percentage of total XP
 D = Spawn monster count
 E = Non-spawn monster count
 F = Spawn count percentage of total count
 G = Total turns spent on level
                    A         B        C        D         E        F      G
               +---------+---------+-------+---------+---------+-------+---------
         Total |       0 |    9053 |   0.0 |       0 |     188 |   0.0 |  9854
               +---------+---------+-------+---------+---------+-------+---------
           D:1 |       0 |      34 |   0.0 |       0 |      23 |   0.0 |   498
           D:2 |       0 |     160 |   0.0 |       0 |      34 |   0.0 |   753
           D:3 |       0 |      70 |   0.0 |       0 |      14 |   0.0 |   549
           D:4 |       0 |     297 |   0.0 |       0 |      11 |   0.0 |   979
           D:5 |       0 |    1341 |   0.0 |       0 |      23 |   0.0 |  1700
           D:6 |       0 |    1776 |   0.0 |       0 |      25 |   0.0 |  1717
           D:7 |       0 |    1745 |   0.0 |       0 |      22 |   0.0 |  1463
           D:8 |       0 |    3630 |   0.0 |       0 |      36 |   0.0 |  2195
               +---------+---------+-------+---------+---------+-------+---------
